 Dungeon Crawl Stone Soup version 0.23.2-33-g5129a83184 (webtiles) character file.

Game seed: 12422330932353657277

468 ANON1729 the Skirmisher (level 6, 0/49 HPs)
             Began as a Demonspawn Monk on Aug 11, 2019.
             Was a Believer of Makhleb.
             Succumbed to an orc's poison
             ... on level 4 of the Dungeon.
             The game lasted 00:09:12 (4805 turns).

ANON1729 the Skirmisher (Demonspawn Monk)           Turns: 4805, Time: 00:09:13

Health: 0/49       AC: 13    Str: 11    XL:     6   Next: 81%
Magic:  15/15      EV: 14    Int: 13    God:    Makhleb [**....]
Gold:   157        SH:  0    Dex: 16    Spells: 5/5 levels left

rFire    . . .     SeeInvis .   s - +9 club
rCold    . . .     Gourm    .   (no shield)
rNeg     . . .     Faith    .   b - +0 robe
rPois    +         Spirit   .   (helmet restricted)
rElec    .         Reflect  .   (no cloak)
rCorr    .         Harm     .   i - +0 pair of gloves
MR       .....                  r - +0 pair of boots
Stlth    +++.......             (no amulet)
HPRegen  0.16/turn              n - ring of poison resistance
MPRegen  0.14/turn              p - ring of magical power

@: lethally poisoned (0 -> -20), sanguine armour
A: antennae 1, sanguine armour 2
a: Minor Destruction, Renounce Religion


You were on level 4 of the Dungeon.
You worshipped Makhleb.
Makhleb was pleased with you.
You were hungry.

You visited 2 branches of the dungeon, and saw 5 of its levels.

You collected 157 gold pieces.

Inventory:

Hand Weapons
 a - a +0 spear
 q - a +1 dagger of venom
 s - a +9 club (weapon)
Armour
 b - a +0 robe (worn)
 i - a +0 pair of gloves (worn)
 r - a +0 pair of boots (worn)
 w - a +2 chain mail of fire resistance
Jewellery
 n - a ring of poison resistance (left hand)
 p - a ring of magical power (right hand)
Scrolls
 f - 5 scrolls of remove curse {unknown}
 k - a scroll of teleportation {unknown}
 m - 7 scrolls of identify {unknown}
 t - a scroll of blinking {unknown}
 v - a scroll of fear {unknown}
 x - a scroll of immolation {unknown}
Potions
 d - a potion of curing {unknown}
 e - 2 potions of lignification {unknown}
 g - a potion of haste {unknown}
 h - a potion of mutation {unknown}
 j - a potion of magic {unknown}
 l - a potion of ambrosia {unknown}
 o - a potion of brilliance {unknown}
 u - 2 potions of agility {unknown}
Comestibles
 c - 5 rations


   Skills:
 + Level 4.6 Fighting
 + Level 4.1 Polearms
 + Level 4.2 Dodging
 + Level 3.9 Stealth
 + Level 0.0 Invocations


You had 5 spell levels left.
You didn't know any spells.
Your spell library was empty.

Dungeon Overview and Level Annotations

Branches:
Dungeon (4/15)             Temple (1/1) D:4

Altars:
Ashenzari
Cheibriados
Elyvilon
Gozag
Hepliaklqana
Kikubaaqudgha
Makhleb
Okawaru
Qazlal
Ru
Sif Muna
Trog
Uskayaw
Vehumet
Wu Jian
Xom


Innate Abilities, Weirdness & Mutations

You have a pair of small antennae on your head.
When seriously injured, your bleeding wounds create thick armour. (AC +9)


Message History

The orc priest invokes the aid of Beogh against you.
Pain shoots through your body!
* * * LOW HITPOINT WARNING * * *
The orc hits you but does no damage.
You are more poisoned.
Unknown command.
You hit the orc priest but do no damage.
The orc priest is severely wounded.
* * * LOW HITPOINT WARNING * * *
You feel very sick. The orc priest misses you. The orc closely misses you.
Unknown command.
You barely miss the orc priest.
The orc priest is severely wounded.
* * * LOW HITPOINT WARNING * * *
You feel very sick.
The orc priest hits you with a +0 flail.
* * * LOW HITPOINT WARNING * * *
The orc hits you but does no damage.
You die...

....###..##...##...#...
#...#..............#...
#.....................
...#...#####.##.##.## .
#...####.........#..
#...#...............
#.#......#..)oo.⌠..#
#........#..†......#..
#............@.>.......
#..........##.........#..
....##......#..⌠...⌠..#.....
....##......................
#..........#.........#....
#.....<....##.##.##.##..## .
###...##..#..##.#..........#..
......##......#...............
## #..........###.............


You could see an orc priest and an orc.

Vanquished Creatures
  A scorpion (D:4)
  A howler monkey (D:4)
  2 orc priests (D:3)
  3 orc wizards
  Terence (D:1)
  A worker ant (D:4)
  Robin (D:2)
  3 adders
  3 worms
  4 dart slugs
  A leopard gecko (D:3)
  23 orcs
  5 giant cockroaches
  8 goblins
  8 hobgoblins
  20 jackals
  9 bats
  6 frilled lizards
  7 kobolds
  4 rats
111 creatures vanquished.

Notes
Turn   | Place    | Note
-------+----------+-------------------------------------------
     0 | D:1      | ANON1729 the Demonspawn Monk began the quest for the Orb.
     0 | D:1      | Reached XP level 1. HP: 18/18 MP: 1/1
   123 | D:1      | Gained mutation: When seriously injured, your bleeding
                  | wounds create armour. (AC +9) [demonic ancestry]
   123 | D:1      | Reached XP level 2. HP: 15/24 MP: 2/2
   701 | D:2      | Gained mutation: You have a pair of small antennae on your
                  | head. [demonic ancestry]
   701 | D:2      | Reached XP level 3. HP: 20/29 MP: 3/3
   967 | D:2      | Noticed Robin
   985 | D:2      | Noticed an ogre
  1409 | D:2      | Noticed a scorpion
  1685 | D:2      | Noticed Terence
  2130 | D:2      | Killed Robin
  2403 | D:2      | Reached XP level 4. HP: 24/35 MP: 4/4
  3039 | D:3      | Gained mutation: When seriously injured, your bleeding
                  | wounds create thick armour. (AC +9) [demonic ancestry]
  3039 | D:3      | Reached XP level 5. HP: 38/42 MP: 5/5
  3819 | D:1      | Killed Terence
  3819 | D:1      | Reached XP level 6. HP: 47/48 MP: 6/6
  4599 | D:4      | Found a staircase to the Ecumenical Temple.
  4626 | Temple   | Entered the Ecumenical Temple
  4764 | Temple   | Became a worshipper of Makhleb the Destroyer
  4764 | Temple   | Reached * piety under Makhleb
  4764 | Temple   | Reached ** piety under Makhleb
  4804 | D:4      | HP: 2/49 [poisoned by an orc]
  4805 | D:4      | Succumbed to an orc's poison

Skill      XL: |  1  2  3  4  5  6 |
---------------+-------------------+-----
Stealth        | 2 3 |  3.9
Dodging        | 3 4 |  4.2
Polearms       | 3 4 |  4.1
Fighting       | 4 |  4.6

Action                   |  1- 3 |  4- 6 || total
-------------------------+-------+-------++-------
Melee: Spear             |   169 |       ||   169
       Club              |     8 |   209 ||   217
 Stab: Sleeping          |     5 |     6 ||    11
       Distracted        |     2 |     1 ||     3
  Eat: Chunk             |     5 |     4 ||     9
       Ration            |       |     1 ||     1
Armor: Robe              |    35 |    93 ||   128
Dodge: Dodged            |    87 |   229 ||   316
